 Dungeon Crawl Stone Soup version 0.26.0-10-g1f06aea511 (webtiles) character file.

Game seed: 6054373659915055647

11550 Borgoz the Basher (level 11, -27/71 HPs)
             Began as a Gargoyle Gladiator on Jan 17, 2021.
             Was a Follower of Ashenzari.
             Annihilated by a white ugly thing (37 damage)
             ... on level 9 of the Dungeon.
             The game lasted 00:14:31 (6974 turns).

Borgoz the Basher (Gargoyle Gladiator)              Turns: 6974, Time: 00:14:31

Health: -27/71     AC: 17    Str: 18    XL:     11   Next: 79%
Magic:  11/11      EV: 18    Int:  9    God:    Ashenzari [*.....]
Gold:   448        SH:  0    Dex: 14    Spells: 10/10 levels left

rFire    . . .     SeeInvis .   b - +6 dire flail (freeze)
rCold    . . .     Faith    .   (shield currently unavailable)
rNeg     + . .     Spirit   .   h - +0 troll leather armour
rPois    ∞         Reflect  .   w - +2 helmet
rElec    +         Harm     +   p - scarf {harm}
rCorr    .         Rampage  .   (no gloves)
Will     .....                  a - +0 pair of boots
Stlth    +.........             j - amulet of regeneration
HPRegen  1.01/turn              (no ring)
MPRegen  0.12/turn              (no ring)

@: no status effects
A: negative energy resistance 1, electricity resistance, unbreathing,
petrification resistance, miasma immunity, AC +8
a: Renounce Religion, Curse Item, Scrying


You were on level 9 of the Dungeon.
You worshipped Ashenzari.
Ashenzari was aware of your devotion.
You visited 2 branches of the dungeon, and saw 10 of its levels.
You also visited: Ossuary.

You collected 448 gold pieces.

Inventory:

Hand Weapons
 b - a +6 dire flail of freezing (weapon)
 E - the +9 lance "Wyrmbane" {slay drac, rPois rF+ rC+ AC+3}
   (You took it off Maggie on level 7 of the Dungeon)

   It affects your AC (+3).
   It protects you from fire.
   It protects you from cold.
   It protects you from poison.
Missiles
 d - 4 throwing nets (quivered)
Armour
 a - a +0 pair of boots (worn)
 h - a +0 troll leather armour (worn)
 p - a scarf of harm (worn)
 v - the +3 ring mail "Levimin" {rN+}
   (You found it on level 7 of the Dungeon)

   It protects you from negative energy.
 w - a +2 helmet (worn)
 A - the cursed +1 leather armour "Zivumoti" {rElec Will- Str+2 SInv}
   (You found it on level 9 of the Dungeon)

   It affects your strength (+2).
   It insulates you from electricity.
   It affects your willpower, your defense against some magical effects.
   It lets you see invisible.
   It has a curse placed upon it.
Jewellery
 j - an amulet of regeneration (around neck)
 q - an uncursed amulet of guardian spirit
 x - an uncursed ring of flight
Wands
 y - a wand of flame (21)
 B - a wand of paralysis (7)
 D - a wand of digging (6)
 J - a wand of disintegration (8)
Scrolls
 f - 6 scrolls of remove curse
 i - a scroll of enchant armour {unknown}
 l - 3 scrolls of magic mapping
 s - 3 scrolls of teleportation
 t - a scroll of acquirement {unknown}
 u - a scroll of enchant weapon {unknown}
 F - a scroll of silence {unknown}
 G - a scroll of brand weapon {unknown}
 H - a scroll of fear
Potions
 c - 3 potions of might {unknown}
 e - a potion of ambrosia
 g - 2 potions of haste {unknown}
 k - 2 potions of degeneration {unknown}
 m - 8 potions of curing
 n - 4 potions of mutation {unknown}
 o - 3 potions of lignification {unknown}
 r - 6 potions of flight {unknown}
 z - a potion of invisibility
 C - a potion of magic
 I - a potion of attraction {unknown}


   Skills:
 + Level 9.0 Fighting
 * Level 11.1 Maces & Flails
 - Level 1.7 Throwing
 - Level 5.3 Armour
 * Level 9.8 Dodging
 - Level 2.9 Evocations


You had 10 spell levels left.
You didn't know any spells.
Your spell library was empty.

Dungeon Overview and Level Annotations

Branches:
Dungeon (9/15)             Temple (1/1) D:4         Ossuary (visited)
   Lair: D:8-11         Orc: D:9-12

Altars:
Ashenzari
Cheibriados
Dithmenos
Elyvilon
Gozag
Hepliaklqana
Kikubaaqudgha
Makhleb
Nemelex Xobeh
Okawaru
Qazlal
Ru
Sif Muna
Trog
Uskayaw
Xom
Yredelemnul
The Shining One

Shops:
D:4 }


Innate Abilities, Weirdness & Mutations

You are resistant to torment.
Your stone body is resilient. (AC +8)
You are immune to poison.
You resist negative energy. (rN+)
You are resistant to electric shocks. (rElec)
You can survive without breathing.
You are immune to petrification.
You are immune to miasma.


Message History

A white ugly thing comes into view.
The white ugly thing gurgles horribly!
An ice beast comes into view.
The white ugly thing completely misses you.
Found an escape hatch in the floor.
You barely miss the white ugly thing. The white ugly thing barely misses you.
You hit the white ugly thing but do no damage.
The white ugly thing gores you! The white ugly thing freezes you!!
Ouch! That really hurt!
You are too injured to fight recklessly!
The white ugly thing gores you but does no damage.
The white ugly thing completely misses you.
There is an open door here.
The white ugly thing gores you. The white ugly thing freezes you!!
* * * LOW HITPOINT WARNING * * *
The white ugly thing gores you.
* * * LOW HITPOINT WARNING * * *
The white ugly thing freezes you!!
Ouch! That really hurt!
You die...

......# #....#
......+ #....#
......#######....#
............#....#
............#....#
............#....#
............'..Y.#
?...........#....#
............#..u@#
............#....#
............##...#
######.......#...#
#.......#...#
#.......+...#
#.......#...#
#.......#####
#########


You could see a white ugly thing and an ice beast.

Vanquished Creatures
  Erica (D:8)
  Pikel (D:7)
  Joseph (D:7)
  Maggie (D:7)
  A troll (D:7)
  Prince Ribbit (D:6)
  Sigmund (D:6)
  A wyvern (D:8)
  Edmund (D:6)
  Duvessa (D:7)
  3 water moccasins
  2 orc warriors
  2 necrophages
  A black bear (D:8)
  3 ogres
  2 phantoms
  3 centaurs
  A lemure (D:7)
  2 bullfrogs
  Dowan (D:7)
  3 scorpions
  A water moccasin skeleton (D:6)
  3 killer bees (D:8)
  12 wights
  A bullfrog skeleton (D:6)
  A jelly (D:6)
  4 orc priests
  A gnoll shaman (D:5)
  2 hounds
  6 orc wizards
  4 iguanas
  7 worker ants
  A killer bee zombie (D:7)
  7 big kobold zombies (Ossuary)
  A hound zombie (D:5)
  A hound skeleton (D:7)
  A mummy (Ossuary)
  Robin (D:4)
  12 gnolls
  9 adders
  A shadow imp (D:7)
  2 ufetubi
  An ooze (D:4)
  3 worms
  2 dart slugs
  5 leopard geckos
  19 orcs
  3 spectral bats (Ossuary)
  4 giant cockroaches
  5 gnoll zombies (Ossuary)
  11 goblins
  15 hobgoblins
  4 jackals
  5 quokkas
  3 ball pythons
  7 bats
  2 bat simulacra (Ossuary)
  7 frilled lizards
  4 goblin simulacra (Ossuary)
  3 goblin zombies (Ossuary)
  4 hobgoblin zombies (Ossuary)
  A jackal zombie (D:7)
  5 kobolds
  2 kobold simulacra (Ossuary)
  3 kobold zombies (Ossuary)
  8 orc zombies (Ossuary)
  6 rats
  5 rat simulacra (Ossuary)
  A spectral goblin (Ossuary)
  3 spectral kobolds (Ossuary)
  A spectral rat (Ossuary)
253 creatures vanquished.

Notes
Turn   | Place    | Note
-------+----------+-------------------------------------------
     0 | D:1      | Borgoz the Gargoyle Gladiator began the quest for the Orb.
     0 | D:1      | Reached XP level 1. HP: 12/12 MP: 1/1
   139 | D:1      | Reached XP level 2. HP: 18/18 MP: 2/2
   492 | D:1      | Reached XP level 3. HP: 22/22 MP: 3/3
  1279 | D:2      | Found a shimmering blue altar of Sif Muna.
  1566 | D:3      | Reached XP level 4. HP: 27/27 MP: 4/4
  1596 | D:3      | Reached skill level 4 in Maces & Flails
  1660 | D:3      | Found a hide-covered altar of Uskayaw.
  1718 | D:3      | Reached XP level 5. HP: 32/32 MP: 5/5
  2406 | D:4      | Found Ziot's Gadget Emporium.
  2438 | D:4      | Reached XP level 6. HP: 37/37 MP: 6/6
  2499 | D:4      | Reached skill level 5 in Maces & Flails
  2532 | D:4      | Noticed Robin
  2699 | D:4      | Killed Robin
  2742 | D:4      | Found a staircase to the Ecumenical Temple.
  2761 | Temple   | Entered the Ecumenical Temple
  2783 | Temple   | Became a worshipper of Ashenzari the Shackled
  3004 | D:4      | Found an opulent altar of Gozag.
  3146 | D:5      | Entered Level 5 of the Dungeon
  3153 | D:5      | Reached XP level 7. HP: 21/43 MP: 7/7
  3198 | D:5      | Found an ancient bone altar of Kikubaaqudgha.
  3296 | D:5      | Found a sand-covered staircase.
  3305 | Ossuary  | Entered an ossuary
  3573 | Ossuary  | Reached skill level 6 in Maces & Flails
  3584 | Ossuary  | Reached skill level 5 in Dodging
  3922 | D:5      | Found a sparkling altar of Nemelex Xobeh.
  4166 | D:5      | Reached XP level 8. HP: 46/48 MP: 8/8
  4361 | D:6      | Noticed Sigmund
  4361 | D:6      | Noticed Prince Ribbit
  4620 | D:6      | Reached skill level 5 in Fighting
  4626 | D:6      | Noticed Edmund
  4643 | D:6      | Killed Edmund
  4699 | D:6      | Reached skill level 7 in Maces & Flails
  4896 | D:6      | Killed Sigmund
  4953 | D:6      | Killed Prince Ribbit
  4954 | D:6      | Reached XP level 9. HP: 55/55 MP: 9/9
  4963 | D:6      | Reached skill level 8 in Maces & Flails
  5107 | D:6      | Reached * piety under Ashenzari
  5379 | D:7      | Got the uncursed ring mail "Levimin" {rN+}
  5467 | D:7      | Noticed Joseph
  5471 | D:7      | Noticed a troll
  5476 | D:7      | Noticed Duvessa
  5481 | D:7      | Killed Joseph
  5503 | D:7      | Noticed Dowan
  5507 | D:7      | Killed Duvessa
  5508 | D:7      | Reached skill level 9 in Maces & Flails
  5512 | D:7      | Killed a troll
  5525 | D:7      | Killed Dowan
  5526 | D:7      | Noticed Maggie
  5537 | D:7      | Killed Maggie
  5538 | D:7      | Reached XP level 10. HP: 62/63 MP: 10/10
  5551 | D:7      | Identified the +3 ring mail "Levimin" {rN+} (You found it
                  | on level 7 of the Dungeon)
  5783 | D:7      | Noticed Pikel
  5795 | D:7      | Killed Pikel
  5941 | D:7      | Reached skill level 10 in Maces & Flails
  6184 | D:8      | Found a snail-covered altar of Cheibriados.
  6376 | D:8      | Found an iron altar of Okawaru.
  6429 | D:8      | Reached skill level 5 in Armour
  6429 | D:8      | Reached XP level 11. HP: 69/69 MP: 11/11
  6451 | D:8      | Noticed Erica
  6467 | D:8      | Killed Erica
  6468 | D:8      | Reached skill level 11 in Maces & Flails
  6510 | D:8      | Found a snail-covered altar of Cheibriados.
  6583 | D:8      | Found a shadowy altar of Dithmenos.
  6688 | D:8      | Found a shimmering altar of Xom.
  6931 | D:9      | Got the cursed leather armour "Zivumoti" {rElec Will- Str+2
                  | SInv}
  6950 | D:9      | Noticed a white ugly thing
  6974 | D:9      | Annihilated by a white ugly thing

Illustrated notes

Levels and vault maps discovered:
D:1:      lemuel_arrival_lava_pool, layout_basic
D:2:      layout_loops_ring, lemuel_blue_sif_altar
D:3:      layout_rooms, old_standard_altar, minmay_misc_feat_diagonals
D:4:      layout_cave_pools, kennysheep_mini_moat,
          minmay_temple_entry_junction_2, serial_shops, shop,
          kennysheep_cross_room, minmay_statues_item, minmay_goblin_outpost,
          uniq_robin
D:5:      layout_loops_ring, overflow_temple_1_default,
          nemelex_xobeh_ov_fountains_minmay,
          lightli_ossuary_entry_decrepit_ruins, kennysheep_generic_room_3
D:6:      layout_cave_pools, uniq_prince_ribbit1, uniq_edmund, uniq_sigmund
D:7:      layout_cave_pools, minmay_fountain_box, uniq_pikel, uniq_duvessa,
          uniq_joseph, uniq_maggie
D:8:      layout_basic, lemuel_doored_altar, nicolae_overflow_crystal_walls,
          cheibriados_altar_1, kennysheep_mini, basic_altar,
          minmay_misc_feat_columns, uniq_erica
D:9:      layout_gridville, nicolae_overflow_hidden_temple, lair_entry_dummy,
          palyth_stone_intersect, amcnicky_mini_corridor_feature
Temple:   chequers_temple_sunken

Skill      XL: |  1  2  3  4  5  6  7  8  9 10 11 |
---------------+----------------------------------+-----
Dodging        | 3 4 5 6 7 9 |  9.8
Maces & Flails | 4 5 6 7 9 10 11 | 11.1
Fighting       | 3 4 5 7 8 9 |  9.0
Armour         | 5 |  5.3
Evocations     | 2 |  2.9
Throwing       | |  1.7

Action                   |  1- 3 |  4- 6 |  7- 9 | 10-12 || total
-------------------------+-------+-------+-------+-------++-------
Melee: Flail             |   125 |   185 |   296 |       ||   606
       Dire flail        |       |       |   185 |   134 ||   319
Throw: Throwing net      |       |     2 |     3 |       ||     5
Evoke: Wand              |       |       |     2 |       ||     2
  Use: Scroll            |       |       |     9 |     5 ||    14
       Potion            |       |       |     1 |     1 ||     2
 Stab: Sleeping          |     1 |       |     1 |       ||     2
       Held in net/web   |       |     1 |     1 |       ||     2
       Paralysed         |       |       |     5 |       ||     5
Armor: Leather armour    |    56 |    71 |   169 |       ||   296
       Troll leather arm |       |       |       |    44 ||    44
Dodge: Dodged            |   104 |   165 |   324 |    80 ||   673
